 Dungeon Crawl Stone Soup version 0.22.1-1-ga44c0e5 (webtiles) character file.

252 Benis312 the Grave Robber (level 5, -6/38 HPs)
             Began as a Mummy Necromancer on Nov 5, 2018.
             Was a Believer of Nemelex Xobeh.
             Mangled by an ice devil (11 damage)
             ... summoned by the player character
             ... on level 4 of the Dungeon.
             The game lasted 00:20:30 (2680 turns).

Benis312 the Grave Robber (Mummy Necromancer)       Turns: 2680, Time: 00:20:32

Health: -6/38      AC:  2    Str: 15    XL:     5   Next: 89%
Magic:  9/12       EV: 12    Int: 16    God:    Nemelex Xobeh [**....]
Gold:   193        SH:  0    Dex: 12    Spells: 11/13 levels left

rFire    x . .     SeeInvis .   k - +1 dagger (venom)
rCold    + . .     Gourm    .   (no shield)
rNeg     + + +     Faith    .   a - +0 robe
rPois    ∞         Spirit   .   (no helmet)
rElec    .         Reflect  .   (no cloak)
rCorr    .         Harm     .   (no gloves)
MR       .....                  (no boots)
Stlth    +.........             (no amulet)
HPRegen  0.12/turn              j - ring of attention (curse)
MPRegen  0.13/turn              o - +4 ring of strength

@: no status effects
A: no food or potions, fire vulnerability, cold resistance 1, negative energy
resistance 3, torment resistance, unbreathing
a: Renounce Religion


You were on level 4 of the Dungeon.
You worshipped Nemelex Xobeh.
Nemelex Xobeh was pleased with you.
You were not hungry.

You visited 1 branch of the dungeon, and saw 4 of its levels.

You collected 193 gold pieces.

Inventory:

Hand Weapons
 g - a +1 short sword of holy wrath
 k - a +1 dagger of venom (weapon)
 l - a +0 rapier
Armour
 a - a +0 robe (worn)
Jewellery
 b - an uncursed ring of ice
 e - a +4 ring of strength
 h - an uncursed ring of resist corrosion
 j - a cursed ring of attention (left hand)
 o - a +4 ring of strength (right hand)
Wands
 d - a wand of paralysis (4)
 f - a wand of clouds (3)
Scrolls
 c - 2 scrolls of immolation
 i - 2 scrolls of amnesia
Miscellaneous
 m - a plain deck of destruction {drawn: 4}
 n - a plain deck of escape {drawn: 6}
 q - a plain deck of summoning {drawn: 3}


   Skills:
 + Level 1.7 Fighting
 + Level 2.0 Dodging
 + Level 1.6 Stealth
 + Level 0.6 Unarmed Combat
 + Level 4.9 Spellcasting
 + Level 5.2 Necromancy
 + Level 0.6 Invocations
 + Level 0.7 Evocations


You had 11 spell levels left.
You knew the following spells:

 Your Spells              Type           Power        Failure   Level  Hunger
a - Pain                  Necr           ###.         1%          1    N/A
b - Animate Skeleton      Necr           N/A          1%          1    N/A

Your spell library contained the following spells:

 Spells                   Type           Power        Failure   Level  Hunger
 Vampiric Draining        Necr           ###.......   5%          3    N/A
 Animate Dead             Necr           N/A          19%         4    N/A
 Regeneration             Chrm/Necr      Unusable     N/A         3    N/A

Dungeon Overview and Level Annotations

Branches:
Dungeon (4/15)             Temple (0/1) D:4

Altars:
Nemelex Xobeh


Innate Abilities, Weirdness & Mutations

You do not eat or drink.
Your flesh is vulnerable to fire.
You are immune to poison.
Your flesh is cold resistant. (rC+)
You are immune to negative energy. (rN+++)
You are immune to unholy pain and torment.
You can survive without breathing.


Message History

Your hand axe of Edudwif {chop, rPois rF+} hits the ice devil but does no The ice devil misses you.
As you read the scroll labeled JOLU DENLA, it crumbles to dust.
The scroll dissolves into smoke.
It was a scroll of fog.
The frilled lizard bites you but does no damage.
The ice devil hits you.
* * * LOW HITPOINT WARNING * * *
The ice devil freezes you. You resist.
* * * LOW HITPOINT WARNING * * *
Your hand axe of Edudwif {chop, rPois rF+} hits the ice devil.
The frilled lizard closely misses you.
You draw a card...
It is Velocity.
The ice devil is moving somewhat quickly.
The frilled lizard is moving somewhat quickly.
The ice devil hits you but does no damage.
The frilled lizard closely misses you. The ice devil hits you.
* * * LOW HITPOINT WARNING * * *
The ice devil freezes you! You resist.
You die...
Your body glows slightly and disappears.

$ ##. ..[. ##
....##. ..... .§§
#l### #§@### #
###4(# .# ##§# ..
#.### .####
#...####......
###.4.)..# ##..))##
###########..#..).#
........†...#####.#


You could see an ice devil, a frilled lizard and a friendly hand axe of Edudwif
{chop, rPois rF+}.

Vanquished Creatures
  3 orc priests
  An orc wizard (D:4)
  A worker ant (D:4)
  4 adders
  A worm (D:3)
  4 dart slugs
  4 leopard geckos
  6 orcs
  A giant cockroach (D:3)
  A goblin (D:2)
  4 hobgoblins
  2 kobolds
  A quokka (D:2)
  4 bats
  3 frilled lizards
  8 rats
48 creatures vanquished.

Vanquished Creatures (collateral kills)
  An orc priest (D:3)
  An orc (D:3)
  3 bats
  3 goblins
  2 hobgoblins
  A kobold (D:2)
  A quokka (D:3)
  A frilled lizard (D:1)
13 creatures vanquished.

Grand Total: 61 creatures vanquished

Notes
Turn   | Place    | Note
-------+----------+-------------------------------------------
     0 | D:1      | Benis312 the Mummy Necromancer began the quest for the Orb.
     0 | D:1      | Reached XP level 1. HP: 13/13 MP: 4/4
   222 | D:1      | Reached XP level 2. HP: 19/19 MP: 2/5
   230 | D:1      | Learned a level 1 spell: Animate Skeleton
  1139 | D:2      | Reached XP level 3. HP: 11/24 MP: 1/7
  1773 | D:2      | Found a faded altar of an unknown god.
  1784 | D:2      | Became a worshipper of Nemelex Xobeh the Trickster
  1784 | D:2      | Received a gift from Nemelex Xobeh
  1784 | D:2      | Reached * piety under Nemelex Xobeh
  1784 | D:2      | Received a gift from Nemelex Xobeh
  1838 | D:3      | Reached XP level 4. HP: 26/30 MP: 2/9
  2456 | D:3      | Reached XP level 5. HP: 17/36 MP: 7/11
  2456 | D:3      | Reached skill level 1 in Fighting
  2604 | D:4      | Reached ** piety under Nemelex Xobeh
  2604 | D:4      | Found a staircase to the Ecumenical Temple.
  2609 | D:4      | Received a gift from Nemelex Xobeh
  2647 | D:4      | Reached skill level 5 in Necromancy
  2661 | D:4      | Noticed an ice devil
  2680 | D:4      | Mangled by an ice devil

Skill      XL: |  1  2  3  4  5 |
---------------+----------------+-----
Spellcasting   | 3 4 |  4.9
Dodging        | 2 |  2.0
Fighting       | 1 |  1.7
Necromancy     | 5 |  5.2
Stealth        | |  1.6
Unarmed Combat | |  0.6
Invocations    | |  0.6
Evocations     | |  0.7

Action                   |  1- 3 |  4- 6 || total
-------------------------+-------+-------++-------
Melee: Unarmed           |    13 |       ||    13
       Dagger            |       |     4 ||     4
 Cast: Pain              |    55 |    43 ||    98
       Animate Skeleton  |    19 |    12 ||    31
Evoke: Deck              |     1 |    12 ||    13
       Wand              |       |     4 ||     4
  Use: Scroll            |     6 |     1 ||     7
Armor: Robe              |    19 |    11 ||    30
Dodge: Dodged            |    59 |    34 ||    93
